 Dungeon Crawl Stone Soup version 0.20-a0-1025-g4706f7e (webtiles) character file.

121 JeffiDaFish the Shield-Bearer (level 5, 0/33 HPs)
             Began as a Gargoyle Fighter on Apr 19, 2017.
             Slain by Edmund
             ... wielding a +2 dire flail of crushing
              (3 damage)
             ... on level 4 of the Dungeon.
             The game lasted 00:04:11 (1083 turns).

JeffiDaFish the Shield-Bearer (Gargoyle Fighter)    Turns: 1083, Time: 00:04:12

Health: 0/33       AC: 11    Str: 19    XL:     5   Next: 5%
Magic:  5/5        EV:  7    Int:  9    God:
Gold:   113        SH:  9    Dex: 14    Spells: 4/4 levels left

rFire    + . .     SeeInvis .   h - +0 flail "Moegopof" {flame, *Contam +Rage Dex+4} (curse)
rCold    + . .     Gourm    .   c - +0 shield
rNeg     + . .     Faith    .   b - +0 scale mail
rPois    ∞         Spirit   .   (no helmet)
rElec    +         Reflect  .   (no cloak)
rCorr    +         Harm     .   (no gloves)
MR       +....                  (no boots)
Stlth    ..........             (no amulet)
Regen    0.2/turn               i - ring of protection from magic
MPRegen  0.1/turn               (no ring)

@: resistant
A: negative energy resistance 1, electricity resistance, unbreathing,
petrification resistance, rot immunity, AC +4
a: Evoke Berserk Rage


You were on level 4 of the Dungeon.
You were not hungry.

You visited 1 branch of the dungeon, and saw 3 of its levels.

You collected 113 gold pieces.

Inventory:

Hand Weapons
 a - a +1 flail
 h - the cursed +0 flail "Moegopof" (weapon) {flame, *Contam +Rage Dex+4}
   (You found it on level 4 of the Dungeon)

   It has been specially enchanted to burn those struck by it, causing extra
   injury to most foes and up to half again as much damage against particularly
   susceptible opponents.
   It affects your dexterity (+4).
   It lets you go berserk.
   It causes magical contamination when unequipped.
   It has a curse placed upon it.
Armour
 b - a +0 scale mail (worn)
 c - a +0 shield (worn)
Jewellery
 i - a ring of protection from magic (left hand)
Scrolls
 e - 3 scrolls of identify
 l - a scroll of blinking {unknown}
Comestibles
 d - a royal jelly
 f - 2 bread rations
 j - a meat ration


   Skills:
 + Level 4.0 Fighting
 + Level 3.0 Maces & Flails
 + Level 4.1 Armour
 + Level 0.4 Dodging
 + Level 4.1 Shields


You had 4 spell levels left.
You didn't know any spells.

Dungeon Overview and Level Annotations

Branches:
Dungeon (2/15)

Altars:

Annotations:
D:4 Edmund


Innate Abilities, Weirdness & Mutations

You are resistant to torment.
Your stone body is resilient. (AC +4)
You are immune to poison.
You resist negative energy. (rN+)
You are resistant to electric shocks. (rElec)
You can survive without breathing.
You are immune to petrification.
You are immune to rotting.


Message History

Edmund hits you with a dire flail of crushing!
* * * LOW HITPOINT WARNING * * *
x2 Your shield prevents you from hitting Edmund.
Edmund is lightly wounded.
Edmund barely misses you.
It was a potion of resistance.
You feel protected. Edmund hits you but does no damage.
Your shield and scale mail prevent you from hitting Edmund.
Edmund is lightly wounded.
Edmund asks, "Have you met my wondrous brother?"
You block Edmund's attack.
You hit Edmund. You burn Edmund.
Edmund is moderately wounded.
You block Edmund's attack.
All of the chunks of flesh in your inventory have rotted away.
You hit Edmund but do no damage.
Edmund is moderately wounded.
Edmund hits you with a dire flail of crushing.
You die...

### ... #.# #.# .
#.# #######.. #.#
#.....#.# #@#
#.....#.# #@##
##.....#.# #..#
#........# ##.#
#........# #.#
#.##.....# #.#
#.#...#..###
#.####.#.#.#.....
#.............##.
########.#.#####.
#.#.......


You could see Edmund.

Vanquished Creatures
  Blork the orc (D:4)
  2 adders (D:4)
  A dart slug (D:2)
  2 leopard geckos
  3 orcs (D:4)
  4 bats (D:1)
  A goblin (D:2)
  2 hobgoblins (D:1)
  6 jackals (D:1)
  3 kobolds
  A frilled lizard (D:4)
  3 rats
29 creatures vanquished.

Notes
Turn   | Place    | Note
-------+----------+-------------------------------------------
     0 | D:1      | JeffiDaFish the Gargoyle Fighter began the quest for the Orb.
     0 | D:1      | Reached XP level 1. HP: 14/14 MP: 1/1
   256 | D:1      | Reached XP level 2. HP: 19/19 MP: 2/2
   710 | D:2      | Reached XP level 3. HP: 22/24 MP: 3/3
   749 | D:2      | You fall through a shaft for 2 floors!
   757 | D:4      | Got an ichor-stained flail
   758 | D:4      | Identified the cursed +0 flail "Moegopof" {flame, *Contam +Rage Dex+4} (You found it on level 4 of the Dungeon)
   960 | D:4      | Noticed Blork the orc
   965 | D:4      | Killed Blork the orc
   965 | D:4      | Reached XP level 4. HP: 16/29 MP: 4/4
   965 | D:4      | Reached XP level 5. HP: 18/33 MP: 5/5
  1069 | D:4      | Noticed Edmund
  1083 | D:4      | Slain by Edmund

Vault maps used:
D:1:      dpeg_arrival_stonehenge_8_columns, minmay_pentomino_z2
D:2:      first_bread, minmay_misc_feat_tiny, uniq_terence
D:4:      uniq_blork_the_orc, uniq_edmund

Skill      XL: |  1  2  3 |
---------------+----------+-----
Armour         | 4 |  4.1
Fighting       | 4 |  4.0
Maces & Flails | 3 |  3.0
Shields        | 4 |  4.1
Dodging        | |  0.4

Action                   |  1- 3 |  4- 6 || total
-------------------------+-------+-------++-------
Melee: Flail             |    71 |    19 ||    90
  Use: Scroll            |     5 |       ||     5
       Potion            |     3 |     1 ||     4
  Eat: Chunk             |       |     1 ||     1
Armor: Scale mail        |    46 |     7 ||    53
Dodge: Dodged            |    21 |     7 ||    28
Block: Shield            |    46 |     7 ||    53
